[Event "Titled Tuesday Blitz June 20 Early 2023"]
[White "Berezin, Viktor"]
[Black "Ashraf, Artin"]
[WhiteFideId "14107872"]
[BlackFideId "22514805"]
[WhiteElo "2310"]
[BlackElo "2224"]
[Result "0-1"]
[Round "10"]
[TimeControl "180+2"]
[Date "2023.06.20"]
[WhiteClock "0:00:00"]
[BlackClock "0:00:53"]
[Board "63"]

1. d4 Nf6 2. Nf3 d5 3. c4 e6 4. g3 Bb4+ 5. Nbd2 O-O 6. Bg2 dxc4 7. Qc2 b5 8. O-O Bb7 9. a4 a6 10. Re1 Bxd2 11. Bxd2 Be4 12. Qc1 Nc6 13. e3 Qd5 14. Nh4 Bxg2 15. Nxg2 e5 16. Bc3 Ne4 17. dxe5 Ng5 18. e4 Nh3+ 19. Kf1 Qd3+ 20. Re2 Ng1 21. Kxg1 Qxe2 22. Qg5 Qxe4 23. Nf4 h6 24. Qg4 Nxe5 25. Bxe5 Qxe5 26. Nh5 Qxb2 27. Re1 Rae8 28. Rd1 g6 29. Rd4 Qc1+ 30. Kg2 Qg5 31. Qf3 Qxh5 0-1


[Site "https://www.chess.com"]

[Event "Titled Tuesday Blitz June 20 Early 2023"]
[White "Vaibhav Jayant Raut"]
[Black "Bruedigam, Martin"]
[WhiteFideId "5089034"]
[BlackFideId "24608033"]
[WhiteElo "2156"]
[BlackElo "2331"]
[Result "1/2-1/2"]
[Round "10"]
[TimeControl "180+2"]
[Date "2023.06.20"]
[WhiteClock "0:01:04"]
[BlackClock "0:00:22"]
[Board "64"]

1. Nf3 d5 2. b3 c5 3. Bb2 Nc6 4. e3 a6 5. d4 cxd4 6. Nxd4 Nxd4 7. Qxd4 Nf6 8. Nd2 Bf5 9. c4 dxc4 10. Nxc4 e6 11. a3 Qxd4 12. Bxd4 Nd7 13. Be2 f6 14. O-O e5 15. Bc3 b5 16. Na5 Bc5 17. Bb4 Rc8 18. Nb7 Be7 19. Nd6+ Bxd6 20. Bxd6 Kf7 21. a4 Rc6 22. Bb4 bxa4 23. Rxa4 Rb8 24. h3 Be6 25. Be1 Bxb3 26. Rxa6 Rxa6 27. Bxa6 h5 28. Be2 h4 29. f4 exf4 30. exf4 Re8 31. Bg4 Be6 32. Bxe6+ Rxe6 33. Bxh4 f5 34. Rc1 Kg6 35. Rc7 Rd6 36. Bg5 Rd2 37. g4 fxg4 38. hxg4 Nf6 39. Bxf6 gxf6 40. Rc4 Rb2 41. Kf1 Ra2 42. Re4 Rb2 43. Re2 Rb4 44. Rf2 Rb3 45. Kg2 Ra3 46. Rf3 Ra1 47. Kg3 Rg1+ 48. Kf2 Ra1 49. Rb3 Kg7 50. Kf3 Re1 51. Rb8 Kg6 52. Rg8+ Kf7 53. Rh8 Kg7 54. Rh2 Kg6 55. Rf2 Rg1 56. Rg2 Re1 57. g5 fxg5 58. Rxg5+ Kf6 59. Ra5 Rf1+ 60. Ke3 Re1+ 61. Kf2 Rb1 62. Kg3 Rg1+ 63. Kf3 Rf1+ 64. Ke3 Re1+ 65. Kd4 Kf7 66. Re5 Rd1+ 67. Ke4 Kf6 68. Rf5+ Ke6 69. Rh5 Re1+ 70. Kf3 Kf6 71. Rh6+ Kf5 72. Rh5+ Kf6 73. Rh2 Rf1+ 74. Ke3 Re1+ 75. Re2 Rd1 76. Kf3 Rf1+ 77. Rf2 Rxf2+ 78. Kxf2 Kf5 79. Ke3 Kf6 80. Ke4 Ke6 81. Kf3 Kf5 82. Kg3 Kf6 83. Kg4 Kg6 84. f5+ Kf6 85. Kf4 Kf7 86. Kg5 Kg7 87. Kh5 Kf6 88. Kg4 Kf7 89. Kf4 Kf6 90. Ke4 Kf7 91. Kd4 Kf6 92. Ke4 Kf7 93. Ke5 Ke7 94. f6+ Kf7 95. Kf5 Kf8 96. Kg5 Kf7 97. Kf5 Kf8 98. Kg6 Kg8 99. Kh6 Kf7 100. Kg5 Kf8 101. Kg6 Kg8 102. f7+ Kf8 103. Kf6 1/2-1/2


[Site "https://www.chess.com"]

[Event "Titled Tuesday Blitz June 20 Early 2023"]
[White "Tokhirjonova, Gulrukhbegim"]
[Black "Druska, Juraj"]
[WhiteFideId "14203626"]
[BlackFideId "14915650"]
[WhiteElo "2265"]
[BlackElo "2415"]
[Result "0-1"]
[Round "10"]
[TimeControl "180+2"]
[Date "2023.06.20"]
[WhiteClock "0:00:38"]
[BlackClock "0:00:37"]
[Board "65"]

1. e4 d6 2. d4 Nf6 3. Nc3 Nbd7 4. Bd2 e5 5. Nf3 g6 6. Qc1 Bg7 7. Bh6 O-O 8. Bxg7 Kxg7 9. h4 h5 10. Bd3 c6 11. Qd2 Re8 12. O-O-O Qe7 13. Rhe1 Nf8 14. Ne2 Bg4 15. Qc3 N6d7 16. Ng3 Ne6 17. dxe5 dxe5 18. Nxe5 Nxe5 19. Qxe5+ f6 20. Qc3 Bxd1 21. Rxd1 Rad8 22. Re1 Qc5 23. Qd2 Qe5 24. Qe3 Qf4 25. e5 fxe5 26. Ne4 Qxe3+ 27. fxe3 b6 28. Bc4 Nc5 29. Ng5 b5 30. Be2 Ne6 31. Ne4 Rf8 32. Bf3 Rf7 33. b4 a5 34. bxa5 Ra7 35. Nd2 Rxa5 36. Bxc6 Rxa2 37. Kb1 Rxd2 38. Kxa2 Rxc2+ 39. Kb3 Rxc6 40. Kb4 Rc2 41. g3 Rg2 42. Kxb5 Rxg3 43. Kc6 Nf8 44. Kd5 Rg4 45. Kxe5 Rxh4 46. e4 Nd7+ 47. Kd6 Nf8 48. e5 Rd4+ 49. Ke7 Rd7+ 50. Ke8 Rd4 51. Rf1 Re4 52. Rf7+ Kh6 53. Re7 Nh7 54. e6 Ng5 55. Kd7 Rxe6 56. Rxe6 Nxe6 57. Kxe6 h4 0-1


[Site "https://www.chess.com"]

[Event "Titled Tuesday Blitz June 20 Early 2023"]
[White "Shuvalov, Evgenij"]
[Black "Martic, Ivan"]
[WhiteFideId "4187237"]
[BlackFideId "929301"]
[WhiteElo "2080"]
[BlackElo "2346"]
[Result "0-1"]
[Round "10"]
[TimeControl "180+2"]
[Date "2023.06.20"]
[WhiteClock "0:00:00"]
[BlackClock "0:00:17"]
[Board "66"]

1. d4 d5 2. c4 c6 3. Nc3 Nf6 4. Nf3 dxc4 5. a4 e6 6. e3 c5 7. Bxc4 Nc6 8. O-O Be7 9. Qd3 O-O 10. Rd1 cxd4 11. exd4 Nb4 12. Qe2 b6 13. Ne5 Bb7 14. Bg5 Nfd5 15. Bd2 Rc8 16. Rac1 Bg5 17. Ne4 Bxd2 18. Rxd2 Nf4 19. Qe3 Nfd5 20. Qe1 Qe7 21. Rdd1 Rfd8 22. h3 h6 23. Qd2 Rc7 24. Bb3 Rdc8 25. Nc3 Qg5 26. Qxg5 hxg5 27. Ne2 Kf8 28. Rxc7 Rxc7 29. Rc1 Rxc1+ 30. Nxc1 Nf4 31. f3 Ke7 32. Kf2 f6 33. Ng4 a5 34. Bc4 Bc6 35. b3 Nc2 36. Ne3 Nxd4 37. Nd3 Nxd3+ 38. Bxd3 Bd5 39. Bc4 Kd6 40. g3 g6 41. h4 gxh4 42. gxh4 Bxf3 43. Bd3 f5 44. Nc4+ Kc5 45. Ne5 Bh5 46. Nd7+ Kc6 47. Nf6 Nxb3 48. Nxh5 gxh5 49. Be2 Kd6 50. Bxh5 Ke7 51. Bd1 Nc5 52. Ke3 e5 53. h5 Kf6 54. Kd2 Kg5 55. Kc3 f4 56. Kc4 e4 57. Kb5 f3 58. Kxb6 Nxa4+ 59. Bxa4 e3 60. h6 Kxh6 61. Bc6 e2 62. Bxf3 e1=Q 63. Bc6 Qb4+ 64. Bb5 a4 0-1


[Site "https://www.chess.com"]

[Event "Titled Tuesday Blitz June 20 Early 2023"]
[White "Goffredo_Fofi"]
[Black "Fiorito, Joaquin"]
[BlackFideId "180173"]
[WhiteElo "2516"]
[BlackElo "2199"]
[Result "0-1"]
[Round "10"]
[TimeControl "180+2"]
[Date "2023.06.20"]
[WhiteClock "0:00:00"]
[BlackClock "0:00:42"]
[Board "67"]

1. d4 Nf6 2. Nf3 d5 3. Bf4 c5 4. e3 Nc6 5. Nbd2 cxd4 6. exd4 a6 7. c3 Bf5 8. a4 e6 9. Be2 h6 10. h3 Bd6 11. Bxd6 Qxd6 12. O-O O-O 13. Re1 Ne4 14. Nxe4 Bxe4 15. Bd3 Bxf3 16. Qxf3 Rab8 17. Bc2 b5 18. axb5 axb5 19. Qd3 g6 20. Ra6 Qd7 21. Qe3 Kg7 22. h4 Ra8 23. Rxa8 Rxa8 24. h5 g5 25. Qd3 Rh8 26. Qxb5 Qc7 27. Ra1 Nxd4 28. Qd3 Nf5 29. g3 Qb6 30. b4 Qd6 31. Ra7 Qe5 32. Qf3 Rc8 33. Bxf5 exf5 34. Ra3 Rc4 35. Qe3 Re4 36. Qd3 f4 37. Ra5 fxg3 38. Rxd5 gxf2+ 39. Kxf2 Rf4+ 40. Kg2 Qe1 41. Qd2 Qe4+ 42. Kg1 Qf3 43. Qg2 Rg4 0-1


[Site "https://www.chess.com"]

[Event "Titled Tuesday Blitz June 20 Early 2023"]
[White "Aggelis, Nikolaos"]
[Black "Sadykov, Ramil"]
[WhiteFideId "4213220"]
[BlackFideId "24113590"]
[WhiteElo "2189"]
[BlackElo "2245"]
[Result "1-0"]
[Round "10"]
[TimeControl "180+2"]
[Date "2023.06.20"]
[WhiteClock "0:02:41"]
[BlackClock "0:01:28"]
[Board "68"]

1. c4 c5 2. Nf3 Nc6 3. d4 cxd4 4. Nxd4 g6 5. Nxc6 bxc6 6. Nc3 Bg7 7. g3 h5 8. Bg2 h4 9. O-O Rb8 10. Qd2 Nf6 11. b3 d6 12. Bb2 hxg3 13. hxg3 Bh3 14. Bxh3 O-O 1-0


[Site "https://www.chess.com"]

[Event "Titled Tuesday Blitz June 20 Early 2023"]
[White "Ahmad, Khagan"]
[Black "Czerw, Dawid"]
[WhiteFideId "13431552"]
[BlackFideId "1145746"]
[WhiteElo "2209"]
[BlackElo "2144"]
[Result "1-0"]
[Round "10"]
[TimeControl "180+2"]
[Date "2023.06.20"]
[WhiteClock "0:00:34"]
[BlackClock "0:00:00"]
[Board "69"]

1. d4 d5 2. Nc3 Nf6 3. Bf4 g6 4. e3 Bg7 5. Nb5 Na6 6. c4 c6 7. Nc3 dxc4 8. Bxc4 Nc7 9. Nf3 O-O 10. O-O Ncd5 11. Nxd5 Nxd5 12. Be5 Bg4 13. Bxg7 Kxg7 14. h3 Bxf3 15. Qxf3 Nb6 16. Bb3 Qd6 17. Rac1 e5 18. Rfd1 Rae8 19. Qg3 Re7 20. Rc5 Rfe8 21. Kf1 Qb8 22. dxe5 Rxe5 23. Rxe5 Qxe5 24. Qxe5+ Rxe5 25. Ke2 c5 26. f4 Re7 27. Kf3 c4 28. Bc2 f5 29. g4 fxg4+ 30. hxg4 Nd7 31. g5 Nc5 32. Rd4 b5 33. Rd5 Rc7 34. e4 a5 35. f5 b4 36. f6+ Kf7 37. e5 a4 38. Rd6 b3 39. axb3 axb3 40. Be4 Nxe4 41. e6+ Ke8 42. Kxe4 c3 43. e7 Rc8 44. bxc3 Rb8 45. Ke5 Kf7 46. Rd8 Rb5+ 47. Ke4 1-0


[Site "https://www.chess.com"]

[Event "Titled Tuesday Blitz June 20 Early 2023"]
[White "Lehtosaari, Mauri"]
[Black "Budrewicz, Krzysztof"]
[WhiteFideId "501999"]
[BlackFideId "1127950"]
[WhiteElo "2513"]
[BlackElo "2230"]
[Result "1-0"]
[Round "10"]
[TimeControl "180+2"]
[Date "2023.06.20"]
[WhiteClock "0:00:23"]
[BlackClock "0:01:38"]
[Board "70"]

1. d4 Nf6 2. Nf3 g6 3. Bg5 Bg7 4. e3 O-O 5. Nbd2 h6 6. Bxf6 Bxf6 7. Bc4 d5 8. Bd3 c5 9. c3 Nc6 10. O-O Qb6 11. Qb3 c4 12. Qxb6 axb6 13. Bc2 b5 14. a3 Bg7 15. e4 e6 16. Rfe1 Bd7 17. h3 Rfe8 18. Re2 Bf8 19. Rae1 Red8 20. Nf1 Na7 21. exd5 exd5 22. Ne3 Bc6 23. Ne5 Nc8 24. f4 Nb6 25. f5 Kg7 26. fxg6 fxg6 27. Nxg6 Bd7 28. Nf4 Bd6 29. Nfxd5 Nxd5 30. Nxd5 Bc6 31. Ne3 Bf8 32. Nf5+ Kg8 33. Be4 Rac8 34. Bxc6 bxc6 35. Re6 Kh7 36. Ne7 Bxe7 37. Rxe7+ Kg6 38. R1e6+ Kh5 39. g4+ Kh4 40. Kg2 Rh8 41. Re5 h5 42. Rg7 Rce8 43. Rxe8 Rxe8 44. Rh7 Kg5 45. Rxh5+ Kg6 46. Rf5 Re2+ 47. Rf2 Re1 48. h4 Re3 49. g5 Kh5 50. Rf6 Kxh4 51. g6 Rg3+ 52. Kf2 Rg5 53. Rxc6 Kg4 54. Rb6 Kf4 55. a4 bxa4 56. Rc6 Ke4 57. Rxc4 Rxg6 58. Rxa4 Rb6 59. Ra2 Kd3 60. d5 Rb5 61. d6 Rf5+ 62. Kg3 Rd5 63. Ra6 Kc2 64. Kf4 Kxb2 65. c4 Rd4+ 66. Ke5 Rxc4 67. d7 Rc6 68. Rxc6 1-0


[Site "https://www.chess.com"]

[Event "Titled Tuesday Blitz June 20 Early 2023"]
[White "Garcia Blanco, Omar"]
[Black "Liu, Casper"]
[WhiteFideId "2287153"]
[BlackFideId "1454153"]
[WhiteElo "2356"]
[BlackElo "2221"]
[Result "1-0"]
[Round "10"]
[TimeControl "180+2"]
[Date "2023.06.20"]
[WhiteClock "0:00:05"]
[BlackClock "0:00:18"]
[Board "71"]

1. e4 Nc6 2. Nc3 e5 3. g3 Bc5 4. Bg2 d6 5. Na4 Bb6 6. Nxb6 axb6 7. Ne2 Nf6 8. O-O O-O 9. d4 exd4 10. Nxd4 Re8 11. Re1 Bg4 12. f3 Bh5 13. c4 Nxe4 14. Nxc6 bxc6 15. g4 Qh4 16. Rf1 Bg6 17. fxe4 Bxe4 18. Bf4 Bxg2 19. Kxg2 Re4 20. b3 Rae8 21. Rf2 h5 22. Bg3 Qxg4 23. Qxg4 Rxg4 24. Kh3 Ree4 25. Rf3 h4 26. Bf2 g5 27. Re1 Rxe1 28. Kxg4 Re5 29. Be3 f6 30. Bd2 Re2 31. Bc3 Rxh2 32. Bxf6 Rxa2 33. Bxg5 Rg2+ 34. Kxh4 d5 35. cxd5 cxd5 36. Bd8 Rc2 37. Kg4 b5 38. Rd3 c6 39. Be7 Kf7 40. Bd6 Ke6 41. Bf8 c5 42. Re3+ Kd7 43. Kf4 d4 44. Rd3 Kc6 45. Bg7 Kd5 46. Rh3 c4 47. bxc4+ bxc4 48. Rh5+ Kc6 49. Bxd4 Rd2 50. Ke4 Rd1 51. Rc5+ Kd6 52. Rxc4 Re1+ 53. Be3 Re2 54. Rb4 Kc6 55. Rb6+ Kd7 56. Rh6 Re1 57. Rh3 Kc6 58. Rh6+ Kd7 59. Kd3 Rd1+ 60. Kc4 Rd6 61. Rh7+ Ke6 62. Bd4 Rc6+ 63. Kd3 Rc1 64. Rh6+ Kd5 65. Rh5+ Ke6 66. Ke4 Re1+ 67. Be3 Re2 68. Rh6+ Kd7 69. Kd4 Re1 70. Bf4 Rd1+ 71. Ke4 Re1+ 72. Kf5 Rf1 73. Rd6+ Ke7 74. Rd2 Rf3 75. Rc2 Kd8 76. Ke5 Kd7 77. Ke4 Rf1 78. Rc7+ Ke6 79. Rc6+ Kd7 80. Rc2 Ke6 81. Rd2 Re1+ 82. Kf3 Rf1+ 83. Kg4 Rg1+ 84. Bg3 Rf1 85. Rd6+ Ke7 86. Ra6 Kd7 87. Bf4 Rf2 88. Kf5 Re2 89. Be5 Re1 90. Rd6+ Ke7 91. Rc6 Kd8 92. Ke6 Re2 93. Rb6 Rc2 94. Rb3 Kc8 95. Rb8# 1-0


[Site "https://www.chess.com"]

[Event "Titled Tuesday Blitz June 20 Early 2023"]
[White "Andreev, Konstantin"]
[Black "Pinheiro, Iung Alicio de O."]
[WhiteFideId "24239305"]
[BlackFideId "2104350"]
[WhiteElo "2106"]
[BlackElo "2283"]
[Result "1-0"]
[Round "10"]
[TimeControl "180+2"]
[Date "2023.06.20"]
[WhiteClock "0:01:21"]
[BlackClock "0:00:00"]
[Board "72"]

1. e4 c5 2. Nf3 Nc6 3. Nc3 g6 4. d4 cxd4 5. Nxd4 Bg7 6. Be3 Nf6 7. Bc4 O-O 8. Bb3 e6 9. f3 d5 10. exd5 Nxd5 11. Nxd5 exd5 12. Qd2 Re8 13. O-O-O Be6 14. Kb1 Qf6 15. Qf2 a5 16. Ba4 Rec8 17. c3 Ne5 18. h4 Qd8 19. h5 Nc4 20. Bc1 b5 21. Bxb5 Qb6 22. a4 Nd6 23. hxg6 hxg6 24. Qh4 Nxb5 25. Nxb5 Rc4 26. Qh7+ Kf8 27. Bh6 Bxh6 28. Qxh6+ Ke7 29. Qg5+ Kd7 30. Rxd5+ Kc8 31. Nd6+ 1-0


[Site "https://www.chess.com"]

[Event "Titled Tuesday Blitz June 20 Early 2023"]
[White "Subelj, Jan"]
[Black "Heinemann, Josefine"]
[WhiteFideId "14618583"]
[BlackFideId "12900460"]
[WhiteElo "2499"]
[BlackElo "2342"]
[Result "1-0"]
[Round "10"]
[TimeControl "180+2"]
[Date "2023.06.20"]
[WhiteClock "0:01:13"]
[BlackClock "0:01:37"]
[Board "73"]

1. e4 c5 2. Nf3 d6 3. d4 cxd4 4. Nxd4 Nf6 5. Nc3 a6 6. Rg1 e5 7. Nb3 Be6 8. g4 d5 9. exd5 Nxd5 10. Nxd5 Qxd5 11. Qxd5 Bxd5 12. Be3 Nc6 13. c3 O-O-O 14. Nd2 Bd6 15. Bc4 Bxc4 16. Nxc4 Bc7 17. a4 h5 18. g5 e4 19. h4 Ne5 20. Nxe5 Bxe5 21. Ke2 Rd7 22. a5 Rhd8 23. Ra4 f5 24. gxf6 gxf6 25. Rxe4 Rd5 26. Rg7 Kb8 27. Rb4 R8d7 28. Rg8+ Rd8 29. Rxd8+ Rxd8 30. Bb6 Rg8 31. Kf3 Kc8 32. Re4 Kd7 33. Bd4 Ke6 34. Bxe5 fxe5 35. Rb4 Rg7 36. Rb6+ Kd5 37. Rh6 Rg4 38. Rxh5 Ra4 39. Ke3 Kc4 40. Rxe5 Kb3 41. h5 Kxb2 42. Rc5 Rh4 43. f4 1-0


[Site "https://www.chess.com"]

[Event "Titled Tuesday Blitz June 20 Early 2023"]
[White "Nikologorsky, Matfei"]
[Black "Hajiyev, Kanan"]
[WhiteFideId "24102474"]
[BlackFideId "13404148"]
[WhiteElo "2153"]
[BlackElo "2115"]
[Result "1-0"]
[Round "10"]
[TimeControl "180+2"]
[Date "2023.06.20"]
[WhiteClock "0:00:16"]
[BlackClock "0:00:12"]
[Board "74"]

1. e4 c6 2. d4 d5 3. Nc3 a6 4. h3 dxe4 5. Nxe4 Bf5 6. Ng3 Bg6 7. Bc4 e6 8. N1e2 Nf6 9. h4 h6 10. Nf4 Bh7 11. O-O Bd6 12. Re1 Bxf4 13. Bxf4 O-O 14. c3 Nbd7 15. Qf3 Nb6 16. Bb3 a5 17. Be5 a4 18. Bxf6 Qxf6 19. Qxf6 gxf6 20. Bd1 Nc4 21. Nh5 f5 22. Rb1 Bg6 23. Nf4 Rfe8 24. Be2 Nd6 25. h5 Bh7 26. Bd3 Kg7 27. Re3 b5 28. Rbe1 Kf6 29. f3 Nc4 30. R3e2 Kg5 31. g3 Rab8 32. Bxc4 bxc4 33. a3 Rb5 34. Rd1 Reb8 35. Rdd2 Kf6 36. Nh3 Bg8 37. f4 Ke7 38. Nf2 Kd6 39. Nd1 f6 40. Ne3 Bf7 41. Nxc4+ Ke7 42. Rh2 Kf8 43. Ne3 Kg7 44. Kf1 Rd8 45. Ke1 c5 46. dxc5 Rxd2 47. Rxd2 Rxc5 48. Rd7 Rb5 49. Nc4 Kf8 50. Kd2 Be8 51. Rh7 Rd5+ 52. Ke3 Kg8 53. Rc7 Bxh5 54. Nb6 Rd6 55. Nxa4 Bf7 56. c4 Kg7 57. c5 Rd5 58. b4 Rd1 59. Nb6 Rc1 60. Nc8 Kg6 61. Nd6 e5 62. Nxf7 Rc3+ 63. Kd2 Rxg3 64. fxe5 Rxa3 65. exf6 Kxf6 66. Nd6 Rb3 67. Rf7+ Ke5 68. b5 Ke6 69. b6 Rb5 70. b7 Rxc5 71. b8=Q Rd5+ 72. Kc3 Rxd6 73. Rf6+ Kxf6 74. Qxd6+ Kg5 75. Qg3+ Kh5 76. Kd4 f4 77. Qxf4 Kg6 78. Ke5 Kh5 79. Qh2+ Kg6 80. Kf4 Kf6 81. Qxh6+ Kf7 82. Ke5 Ke7 83. Qg7+ Kd8 84. Kd6 Kc8 85. Qc7# 1-0


[Site "https://www.chess.com"]

[Event "Titled Tuesday Blitz June 20 Early 2023"]
[White "Topalov, Aleksandar"]
[Black "Bodnaruk, Anastasia"]
[WhiteFideId "925659"]
[BlackFideId "4181751"]
[WhiteElo "2151"]
[BlackElo "2304"]
[Result "0-1"]
[Round "10"]
[TimeControl "180+2"]
[Date "2023.06.20"]
[WhiteClock "0:01:26"]
[BlackClock "0:01:08"]
[Board "75"]

1. b3 e5 2. Bb2 d6 3. d4 e4 4. d5 f5 5. e3 Nf6 6. Ne2 g6 7. Nf4 Bg7 8. h4 O-O 9. Nc3 Ng4 10. Be2 Qe7 11. Qd2 Na6 12. Bxg4 fxg4 13. O-O-O Nc5 14. Kb1 Bd7 15. h5 g5 16. h6 Be5 17. Nh5 a5 18. Ng3 Bf6 19. a4 Qe5 20. Nh5 Bh8 21. Ng7 Qe7 22. Rdf1 Rab8 23. Qd4 b5 24. axb5 Bxb5 25. Nxb5 Rxb5 26. Qa4 Nxa4 0-1


[Site "https://www.chess.com"]

[Event "Titled Tuesday Blitz June 20 Early 2023"]
[White "Adla, Diego"]
[Black "Ansh M Shah"]
[WhiteFideId "100072"]
[BlackFideId "25033379"]
[WhiteElo "2377"]
[BlackElo "2084"]
[Result "1/2-1/2"]
[Round "10"]
[TimeControl "180+2"]
[Date "2023.06.20"]
[WhiteClock "0:00:03"]
[BlackClock "0:00:04"]
[Board "76"]

1. c4 c6 2. d4 d5 3. cxd5 cxd5 4. Bf4 Nf6 5. Nc3 Nc6 6. e3 Qb6 7. Bd3 Bg4 8. f3 Bh5 9. Nge2 e6 10. O-O Bg6 11. Na4 Qa5 12. Bxg6 hxg6 13. Rc1 Be7 14. a3 O-O 15. b4 Qd8 16. Nc5 Bxc5 17. Rxc5 Nh5 18. Be5 f6 19. Bg3 Nxg3 20. hxg3 Qd6 21. Qc2 Rfc8 22. Qxg6 b6 23. Rc2 Ne7 24. Qd3 Rxc2 25. Qxc2 Rc8 26. Qa4 a5 27. bxa5 Ra8 28. a6 b5 29. Qxb5 Qxa6 30. Qd7 Kf7 31. Nf4 Ra7 32. Qd8 Ra8 33. Qc7 Ra7 34. Qb8 Ra8 35. Qb2 Qxa3 36. Qxa3 Rxa3 37. Kf2 Nf5 38. Re1 g5 39. Nh3 Ra2+ 40. Re2 Rxe2+ 41. Kxe2 Nxg3+ 42. Kd3 Nf5 43. g4 Nh4 44. Ke2 Ng6 45. Nf2 Ke7 46. Nd3 Kd6 47. Kd2 Ne7 48. Kc3 Nc6 49. Nc5 Na5 50. Nb3 Nc4 51. e4 Ne3 52. Kd3 Ng2 53. Nc1 Nf4+ 54. Ke3 e5 55. Nb3 Ne6 56. dxe5+ Kxe5 57. exd5 Kxd5 58. Nc1 Nf4 59. Nb3 Ke5 60. Nc5 Nd5+ 61. Kf2 Kd4 62. Ne6+ Kd3 63. Ng7 Kd4 64. Nf5+ Ke5 65. Ng3 Nb4 66. Ne2 Nd3+ 67. Ke3 Ne1 68. Nc3 Ng2+ 69. Kf2 Nf4 70. Nd1 Nd5 71. Kg3 Kd4 72. Nf2 Ke3 73. Ne4 Ke2 74. Nc5 Nf4 75. Nd7 Nd5 76. Nf8 Ke3 77. Ne6 Nc3 78. Nc5 Ne2+ 79. Kg2 Nd4 80. Nd7 Nxf3 81. Nxf6 Ne5 82. Kg3 Kd4 83. Nh7 Ke3 84. Nxg5 Nxg4 1/2-1/2


[Site "https://www.chess.com"]

[Event "Titled Tuesday Blitz June 20 Early 2023"]
[White "Omariev, Maksim"]
[Black "Veiga, Jose Francisco R P Neves"]
[WhiteFideId "4193423"]
[BlackFideId "1930087"]
[WhiteElo "2394"]
[BlackElo "2319"]
[Result "0-1"]
[Round "10"]
[TimeControl "180+2"]
[Date "2023.06.20"]
[WhiteClock "0:00:00"]
[BlackClock "0:01:45"]
[Board "77"]

1. e4 Nc6 2. Nf3 d6 3. d4 Nf6 4. d5 Nb8 5. Bd3 g6 6. c4 Bg7 7. Nc3 O-O 8. Bg5 a5 9. Qd2 Na6 10. Bh6 Nc5 11. Bc2 e6 12. O-O-O exd5 13. exd5 Bg4 14. Bxg7 Kxg7 15. Qf4 Qd7 16. Rde1 Rae8 17. Nd4 Rxe1+ 18. Rxe1 Re8 19. Re3 Rxe3 20. fxe3 Qe7 21. h3 Bd7 22. g4 h6 23. Kd2 c6 24. e4 cxd5 25. exd5 Nh7 26. Ndb5 Bxb5 27. Nxb5 Ng5 28. Qe3 Qf6 29. Qc3 Nge4+ 30. Bxe4 Nxe4+ 0-1


[Site "https://www.chess.com"]

[Event "Titled Tuesday Blitz June 20 Early 2023"]
[White "Starozhilov, Leonid"]
[Black "Kochiev, Ivan"]
[WhiteFideId "14106752"]
[BlackFideId "2917890"]
[WhiteElo "2352"]
[BlackElo "2287"]
[Result "1-0"]
[Round "10"]
[TimeControl "180+2"]
[Date "2023.06.20"]
[WhiteClock "0:02:07"]
[BlackClock "0:01:54"]
[Board "78"]

1. e4 c5 2. Nf3 d6 3. Bb5+ Nc6 4. O-O Bd7 5. Re1 a6 6. Bxc6 Bxc6 7. c3 Nf6 8. d4 cxd4 9. cxd4 g6 10. Nc3 Bg7 11. Bg5 O-O 12. d5 Bd7 13. h3 b5 14. a3 Rc8 15. Qd2 Be8 16. Bh6 Nd7 17. Bxg7 Kxg7 18. Rac1 Nc5 19. Nd4 e5 20. dxe6 fxe6 21. b4 e5 22. bxc5 exd4 23. Qxd4+ 1-0


[Site "https://www.chess.com"]

[Event "Titled Tuesday Blitz June 20 Early 2023"]
[White "Vyatkin, Dmitry"]
[Black "Marek, Matyas"]
[WhiteFideId "4171900"]
[BlackFideId "335398"]
[WhiteElo "2279"]
[BlackElo "2302"]
[Result "0-1"]
[Round "10"]
[TimeControl "180+2"]
[Date "2023.06.20"]
[WhiteClock "0:01:15"]
[BlackClock "0:02:39"]
[Board "79"]

1. d4 Nf6 2. c4 c5 3. d5 b5 4. cxb5 a6 5. bxa6 g6 6. Nc3 Bg7 7. Nf3 O-O 8. e4 Qa5 9. Bd3 Nxd5 10. exd5 Bxc3+ 11. Bd2 Bxd2+ 12. Qxd2 Qxd2+ 13. Kxd2 Bxa6 14. Rhc1 d6 15. Re1 Ra7 16. a4 Bxd3 17. Kxd3 Na6 18. Re2 Rb8 19. Ra3 Rb4 20. Kc3 Kf8 21. b3 Nc7 22. Rd2 Nb5+ 0-1


[Site "https://www.chess.com"]

[Event "Titled Tuesday Blitz June 20 Early 2023"]
[White "Nagare Kaivalya Sandip"]
[Black "Moskvin, Anatoly"]
[WhiteFideId "25957929"]
[BlackFideId "24199990"]
[WhiteElo "2024"]
[BlackElo "2104"]
[Result "1-0"]
[Round "10"]
[TimeControl "180+2"]
[Date "2023.06.20"]
[WhiteClock "0:01:32"]
[BlackClock "0:00:00"]
[Board "80"]

1. e4 e5 2. Nf3 Nc6 3. Bb5 Nge7 4. c3 a6 5. Ba4 d6 6. d4 Bd7 7. O-O Ng6 8. d5 Nb8 9. c4 Be7 10. Nc3 h6 11. Be3 Bg5 12. b4 a5 13. a3 O-O 14. Nxg5 hxg5 15. g3 f6 16. Bc2 Bh3 17. Qh5 Bxf1 18. Rxf1 Kf7 19. Bd1 Rh8 20. Qg4 Qd7 21. c5 axb4 22. axb4 Ra1 23. Qxd7+ Nxd7 24. Bg4 Rxf1+ 25. Kxf1 Ngf8 26. c6 bxc6 27. dxc6 Ke8 28. Nd5 Kd8 29. b5 g6 30. b6 cxb6 31. Bxb6+ Nxb6 32. c7+ Ke8 33. Nxb6 f5 34. c8=Q+ 1-0


[Site "https://www.chess.com"]

[Event "Titled Tuesday Blitz June 20 Early 2023"]
[White "Weishaeutel, Moritz"]
[Black "Santos Flores, Alberto"]
[WhiteFideId "12967300"]
[BlackFideId "3601234"]
[WhiteElo "2301"]
[BlackElo "2235"]
[Result "1-0"]
[Round "10"]
[TimeControl "180+2"]
[Date "2023.06.20"]
[WhiteClock "0:02:00"]
[BlackClock "0:02:01"]
[Board "81"]

1. e4 c5 2. d4 cxd4 3. c3 g6 4. cxd4 d5 5. e5 Nc6 6. Nf3 Bg4 7. Bb5 Bg7 8. O-O e6 9. h3 Bxf3 10. Qxf3 Ne7 11. Bg5 Qb6 12. Bxe7 Qxb5 13. Nc3 Qb6 14. Bc5 Nxd4 15. Bxd4 Qxd4 16. Nb5 Qxe5 17. Rfe1 Qb8 18. Qa3 Bf8 19. Qa4 Kd8 20. Qd4 Rg8 21. Qf6+ Ke8 22. Rxe6+ fxe6 23. Qxe6+ Be7 24. Qxg8+ Kd7 25. Qxd5+ Ke8 26. Re1 1-0


[Site "https://www.chess.com"]

[Event "Titled Tuesday Blitz June 20 Early 2023"]
[White "Morgunov, Anatoly"]
[Black "Gontcharov, Vladislav"]
[WhiteFideId "4145909"]
[BlackFideId "4123492"]
[WhiteElo "2237"]
[BlackElo "2420"]
[Result "1-0"]
[Round "10"]
[TimeControl "180+2"]
[Date "2023.06.20"]
[WhiteClock "0:00:30"]
[BlackClock "0:00:40"]
[Board "82"]

1. d4 Nf6 2. c4 c5 3. d5 e6 4. Nc3 exd5 5. cxd5 d6 6. e4 g6 7. f4 Bg7 8. Bb5+ Nfd7 9. Nf3 a6 10. Bd3 b5 11. O-O O-O 12. a3 Re8 13. Kh1 c4 14. Bc2 Nc5 15. Be3 Bg4 16. Bxc5 dxc5 17. e5 g5 18. h3 Bxf3 19. Qxf3 gxf4 20. Qxf4 Rxe5 21. Qxf7+ Kh8 22. Rae1 Rxe1 23. Rxe1 Nd7 24. Re7 Qf8 25. Rxd7 Qxf7 26. Rxf7 b4 27. axb4 cxb4 28. Nd1 Rd8 29. Be4 Re8 30. Rf4 Be5 31. Rf1 Bd6 32. Bf3 a5 33. Nf2 Be5 34. Rc1 c3 35. bxc3 Bxc3 36. Ne4 Be5 37. d6 Rd8 38. Rd1 b3 39. d7 b2 40. Nc5 a4 41. Be4 a3 42. Bb1 Bf6 43. Ne6 Rb8 44. d8=Q+ Bxd8 45. Rxd8+ Rxd8 46. Nxd8 Kg7 47. Nc6 Kf6 48. Na5 h5 49. Nc4 a2 50. Bxa2 Kf5 51. Nxb2 Kf4 52. Kh2 h4 53. Nd3+ 1-0


[Site "https://www.chess.com"]

[Event "Titled Tuesday Blitz June 20 Early 2023"]
[White "Womacka, Mathias"]
[Black "Becerra, Juan David"]
[WhiteFideId "4611390"]
[BlackFideId "4404998"]
[WhiteElo "2377"]
[BlackElo "2304"]
[Result "1-0"]
[Round "10"]
[TimeControl "180+2"]
[Date "2023.06.20"]
[WhiteClock "0:00:16"]
[BlackClock "0:00:00"]
[Board "83"]

1. e4 e5 2. Nf3 Nc6 3. Bb5 f5 4. d3 fxe4 5. dxe4 d6 6. O-O Be7 7. Nc3 Be6 8. Qd3 h6 9. Nd5 Nf6 10. Qc4 Qd7 11. Nxc7+ Qxc7 12. Qxe6 a6 13. Ba4 Qd7 14. Qxd7+ Kxd7 15. Re1 Kc7 16. Bd2 b5 17. Bb3 Rad8 18. c3 Kb6 19. Nh4 Rhe8 20. Nf5 Bf8 21. f3 Na5 22. Bf7 Nc4 23. Bc1 Kc6 24. Bxe8+ Rxe8 25. b3 Nb6 26. Be3 Nbd7 27. a4 bxa4 28. Rxa4 Nb8 29. Ba7 Nfd7 30. Rd1 g6 31. Ne3 Nb6 32. Ra5 N6d7 33. Nc4 h5 34. Bxb8 Nxb8 35. Rad5 Re6 36. Kf2 Be7 37. Na5+ Kc7 38. b4 Nd7 39. Nb3 Nb6 40. Ra5 Kb7 41. Rda1 Bd8 42. Rxa6 Bc7 43. c4 Nxc4 44. Nc5+ dxc5 45. Rxe6 cxb4 46. Rb1 Bb6+ 47. Ke2 Bc5 48. Rxg6 Na3 49. Rb3 Nb5 50. Kd3 Nd4 51. Rb2 b3 52. Kc4 Ba3 53. Rxb3+ Nxb3 54. Kxb3 Bb2 55. Rg5 1-0


[Site "https://www.chess.com"]